Map: Carnicería por la supervivencia en Korhal EE

Players

xXkazperXx

  • Race: Zerg Zerg
  • League: Bronze

GingerMuffin - Winner!

  • Race: Protoss Protoss
  • League: Bronze

VOD

Have the link to the VOD?

Description

Time

  • Played on: April 9, 2016, 8:10 p.m.
  • Length: 12:47
Show
View Real Time Build Order
Export as new Build Order

xXkazperXx Zerg 

Build Orders: Pool First 

Get SALT Encoding   

  12  0:01  Drone  
  13  0:11  Drone  
  14  0:16  Overlord  
  14  0:34  Spawning Pool  
  13  0:53  Extractor, Drone x3  
  15  1:26  Overlord  
  15  1:28  Queen  
  15  1:30  Zergling x4  
  19  1:47  Drone, Roach Warren  
  19  1:52  Zergling x2, Extractor  
  19  1:58  Drone  
  20  2:30  Roach x2  
  24  2:45  Drone x4  
  28  2:52  Overlord  
  28  3:09  Roach  
  28  3:10  Roach x2  
  28  3:11  Roach  
  36  3:24  Overlord  
  36  3:27  Zergling x2  
  36  4:07  Roach x4  
  44  4:45  Lair  
  44  4:47  Overlord  
  44  4:48  Overlord  
  29  5:35  Hatchery  
  28  5:44  Overseer  
  28  5:45  Roach x2  
  28  5:46  Roach x5  
  42  5:54  Spire  
  41  6:00  Hydralisk Den  
  40  6:05  Drone  
  41  6:31  Hydralisk x3  
  47  6:36  Lurker Den  
  43  7:18  Mutalisk  
  43  7:19  Mutalisk x2  
  49  7:36  Evolution Chamber  
  48  7:38  Drone x3  
  37  8:23  Lurker x3  
  40  8:29  Roach x3  
  46  8:35  Drone x2  
  46  8:36  Drone  
  49  8:41  Hatchery  
  46  9:35  Overseer  
  46  10:23  Drone x3  
  46  10:25  Drone x3  
  52  10:35  Overlord  
  52  10:40  Hatchery  
  51  10:45  Hatchery, Queen  
  44  11:32  Overseer  
  44  12:13  Mutalisk x3  
  44  12:14  Mutalisk x2  
  44  12:15  Mutalisk x3  
  60  12:24  Overseer  
  50  12:31  Hatchery  
Show
View Real Time Build Order
Export as new Build Order

GingerMuffin Protoss - Winner!

Build Orders: Dark Templar Rush 

Get SALT Encoding   

  12  0:01  Probe (Chrono Boost)  
  13  0:13  Pylon  
  13  0:19  Probe (Chrono Boost)  
  14  0:33  Gateway  
  14  0:35  Probe (Chrono Boost)  
  15  0:46  Probe (Chrono Boost)  
  16  1:01  Probe (Chrono Boost), Assimilator  
  17  1:12  Probe (Chrono Boost)  
  18  1:22  Probe (Chrono Boost)  
  18  1:25  Zealot  
  21  1:27  Cybernetics Core  
  21  1:39  Forge  
  21  1:41  Probe (Chrono Boost)  
  22  1:51  Pylon, Probe (Chrono Boost)  
  23  1:55  Pylon  
  23  2:07  Warp Gate (Chrono Boost)  
  23  2:19  Assimilator  
  23  2:21  Probe  
  24  2:30  Twilight Council  
  24  2:33  Probe  
  25  2:41  Gateway  
  25  2:44  Gateway  
  25  2:45  Probe  
  26  2:58  Probe  
  27  3:12  Dark Shrine  
  27  3:17  Probe  
  28  3:28  Protoss Ground Weapons Level 1  
  28  3:29  Probe  
  29  3:40  Nexus  
  29  3:41  Probe  
  29  3:43  Assimilator  
  30  3:53  Probe  
  31  3:56  Pylon  
  31  3:59  Pylon  
  29  4:05  Probe  
  30  4:16  Stalker  
  31  4:17  Stalker x2  
  34  4:30  Photon Cannon  
  33  4:34  Photon Cannon  
  33  4:40  Dark Templar  
  33  4:42  Dark Templar  
  33  4:45  Zealot  
  39  4:58  Probe  
  34  5:07  Dark Templar  
  34  5:10  Probe  
  35  5:22  Probe  
  35  5:27  Nexus  
  36  5:30  Pylon  
  36  5:34  Probe, Dark Templar  
  39  5:44  Pylon  
  39  5:48  Pylon  
  39  5:49  Probe  
  40  5:59  Protoss Ground Weapons Level 2 (Chrono Boost)  
  40  6:01  Probe  
  41  6:13  Probe  
  42  6:18  Photon Cannon  
  42  6:21  Photon Cannon  
  42  6:24  Dark Templar  
  44  6:47  Probe  
  44  6:52  Probe  
  46  6:57  Probe  
  44  7:04  Stalker x3, Probe  
  44  7:08  Probe  
  52  7:16  Probe  
  53  7:24  Assimilator  
  53  7:33  Gateway  
  53  7:50  Stalker x3  
  59  7:55  Blink  
  59  8:00  Stargate  
  45  8:14  Dark Templar x2  
  49  8:32  Stargate  
  49  9:06  Protoss Ground Weapons Level 3 (Chrono Boost)  
  42  9:32  Dark Templar x3  
  48  9:40  Dark Templar  
  50  10:13  Robotics Facility  
  50  10:23  Zealot x3  
  50  10:24  Zealot  
  58  10:30  Gateway  
  58  10:39  Nexus  
  58  10:43  Gateway x2  
  56  11:08  Dark Templar x3  
  56  11:09  Dark Templar  
  62  11:12  Observer  
  55  11:51  Dark Templar  
  55  11:52  Dark Templar x3  
  55  11:53  Dark Templar  
  65  11:55  Zealot x2  
  61  12:23  Stalker x2  
  61  12:24  Stalker  
  61  12:25  Stalker x3  
  61  12:26  Stalker  
Tags
 
Add a new tag
Caveats
  • Supply blocks, unpowered buildings, or Contaminate may cause inaccurate times.
  • Supply counts are checked every 10 seconds.